 Seeded DCSS version 0.29.1-15-g9cfb28693d (webtiles) character file.

Game seed: 16245865983455551772 (custom seed)

4 bmack86 the Trooper (level 1, 17/20 HPs)
             Began as a Minotaur Fighter on Mar 2, 2023.
             Quit the game on level 1 of the Dungeon.
             The game lasted 00:01:01 (63 turns).

bmack86 the Trooper (Minotaur Fighter)                Turns: 63, Time: 00:01:01

Health: 17/20      AC:  7    Str: 20    XL:     1   Next: 50%
Magic:  0/0        EV:  9    Int:  3    God:
Gold:   1027       SH:  4    Dex:  9    Spells: 0/0 levels left

rFire   + . .      SeeInvis .   a - +0 war axe
rCold   . . .      Faith    .   c - +0 buckler
rNeg    . . .      Spirit   .   b - +0 scale mail
rPois   .          Reflect  .   (helmet restricted)
rElec   .          Harm     .   (no cloak)
rCorr   .          Rampage  .   (no gloves)
Will    ++...                   (no boots)
Stlth   ..........              f - amulet "Peuv" {Acrobat rF+ Will++ Int-2}
HPRegen 0.06/turn               (no ring)
MPRegen 0.07/turn               (no ring)

@: no status effects
A: horns 2, retaliatory headbutt
a: no special abilities


You were on level 1 of the Dungeon.
You visited 1 branch of the dungeon, and saw 1 of its levels.

You collected 1027 gold pieces.

Inventory:

Hand Weapons
 a - a +0 war axe (weapon)
Armour
 b - a +0 scale mail (worn)
 c - a +0 buckler (worn)
Jewellery
 f - the amulet "Peuv" (around neck) {Acrobat rF+ Will++ Int-2}
   (You acquired it on level 1 of the Dungeon)

   [amulet of the acrobat]

   It increases your evasion while moving and waiting.
   Int:       It affects your intelligence (-2).
   rF:        It protects you from fire.
   Will:      It greatly increases your willpower.
Scrolls
 e - a scroll of acquirement
Potions
 d - a potion of might


   Skills:
 + Level 3.7 Fighting
 * Level 2.6 Axes
 + Level 3.7 Armour
 + Level 3.7 Shields


You couldn't memorise any spells.
You didn't know any spells.
Your spell library was empty.

Dungeon Overview and Level Annotations

Branches:
Dungeon (1/15)

Altars:


Innate Abilities, Weirdness & Mutations

You have a pair of horns on your head.
You reflexively headbutt those who attack you in melee.


Message History

Press ? for a list of commands and other information.
Found a sling.
Found a staircase leading out of the dungeon.
Found an escape hatch in the floor.
Found an escape hatch in the floor.
Found a dagger.
A goblin comes into view. It is wielding a +0 dagger.
The goblin shouts!
A quokka comes into view.
Found 6 stones.
The goblin completely misses you. You furiously retaliate!
You headbutt the goblin!
You kill the goblin!
You see here a +0 dagger.
The quokka closely misses you.
You slash the quokka!
You kill the quokka!
You see here a quokka corpse.
An endoplasm comes into view.
The endoplasm quivers.
You see here 3 scrolls labelled WAC GOIFOFITOUPLEC.
e - 3 scrolls labelled WAC GOIFOFITOUPLEC The endoplasm barely misses you.
You hit the endoplasm.
The endoplasm is almost dead.
The endoplasm hits you.
You hit the endoplasm.
You kill the endoplasm!
This is a scroll of acquirement!
Something appears at your feet!
You now have 1027 gold pieces.
Something appears at your feet!
f - the amulet "Peuv" {Acrobat rF+ Will++ Int-2} You start putting on your amulet.
You continue putting on the amulet "Peuv" {Acrobat rF+ Will++ Int-2}. x5
You finish putting on the amulet "Peuv" {Acrobat rF+ Will++ Int-2}.
You feel ready to tumble and roll out of harm's way.
You feel stupid.
f - the amulet "Peuv" (around neck) {Acrobat rF+ Will++ Int-2} Unknown command.
Are you sure you want to abandon this character and quit the game? (Confirm with "yes".)

### #.. #.# # #
#.######..###
.###.##.#..@.......
..........#..#.....
###.##...#..# ...
#...###.# #
#...#(#..
#..##.##.#
#..#...#.. ...
##.##...##.## ...
#..#...†.#..#....


There were no monsters in sight!

Vanquished Creatures
  An endoplasm (D:1)
  A goblin (D:1)
  A quokka (D:1)
3 creatures vanquished.

Notes
Turn   | Place    | Note
-------+----------+-------------------------------------------
     0 | D:1      | bmack86 the Minotaur Fighter began the quest for the Orb.
     0 | D:1      | Reached XP level 1. HP: 19/19 MP: 0/0
    54 | D:1      | Identified 3 scrolls of acquirement
    54 | D:1      | Acquired 1027 gold pieces
    56 | D:1      | Acquired the amulet "Peuv" {Acrobat rF+ Will++ Int-2}
    63 | D:1      | Quit the game

Illustrated notes

Levels and vault maps discovered:
D:1:      minmay_arrival_hallway, layout_loops_corners, basic_ecumenical_altar,
          minmay_unequal

Action                   || total
-------------------------++-------
Melee: War axe           ||     3
  Use: Scroll            ||     2
Dodge: Dodged            ||     3
